 Dungeon Crawl Stone Soup version 0.29-a0-810-g3812dd5c9c (webtiles) character file.

Game seed: 11930196308656006617

32701 Conn the Arsonist (level 13, -1/74 HPs)
             Began as an Octopode Fire Elementalist on July 4, 2022.
             Was an Elder of Sif Muna.
             Slain by a boulder beetle (62 damage)
             ... on level 6 of the Lair of Beasts.
             The game lasted 01:27:20 (18041 turns).

Conn the Arsonist (Octopode Fire Elementalist)     Turns: 18041, Time: 01:27:21

Health: -1/74      AC:  5    Str:  7    XL:     13   Next: 66%
Magic:  8/28       EV: 13    Int: 27    God:    Sif Muna [****..]
Gold:   624        SH: 10    Dex: 14    Spells: 17/35 levels left

rFire   + + .      SeeInvis +   b - staff of fire
rCold   + . .      Faith    .   u - +0 buckler
rNeg    + . .      Spirit   .   (helmet restricted)
rPois   +          Reflect  +   N - amulet of reflection
rElec   .          Harm     .   g - +6 ring of intelligence
rCorr   .          Rampage  .   k - ring of wizardry
Will    .....                   s - ring of poison resistance
Stlth   ++++......              c - ring of see invisible
HPRegen 0.22/turn               r - +4 ring of protection
MPRegen 0.21/turn               J - ring of protection from cold
                                C - ring of positive energy
                                (no ring)

@: hasted, very quick
A: almost no armour, amphibious, 8 rings, camouflage 1, gelatinous body 1,
(nimble swimmer 1), tentacles, antennae 1, see invisible, fire resistance 1
a: Renounce Religion, Channel Magic, Forget Spell, Divine Exegesis


You were on level 6 of the Lair of Beasts.
You worshipped Sif Muna.
Sif Muna was greatly pleased with you.
You visited 3 branches of the dungeon, and saw 16 of its levels.
You also visited: Bailey.

You collected 984 gold pieces.
You spent 360 gold pieces at shops.

Inventory:

Hand Weapons
 a - the +7 dagger of Wouredd {flame, rF++}
   (You took it off a gnoll on level 7 of the Dungeon)

   It burns those it strikes, dealing additional fire damage.
   rF:        It greatly protects you from fire.
 m - a +0 trident of holy wrath
 A - a +3 sling of flaming
 M - the +3 hand axe of Vusam {vorpal, rElec rF++ rC-}
   (You found it on level 2 of the Lair of Beasts)

   It inflicts extra damage upon your enemies.
   rF:        It greatly protects you from fire.
   rC:        It makes you vulnerable to cold.
   rElec:     It insulates you from electricity.
 R - the +8 trident of the Octopus King {venom, rElec rPois}
   (You found it on level 6 of the Lair of Beasts)

   It poisons the flesh of those it strikes.
   rElec:     It insulates you from electricity.
   rPois:     It protects you from poison.
Missiles
 h - a throwing net
 o - 11 javelins (quivered)
Armour
 u - a +0 buckler (worn)
Magical Staves
 b - a staff of fire (weapon)
 e - a staff of cold
Jewellery
 c - a ring of see invisible (on tentacle)
 g - a +6 ring of intelligence (left tentacle)
 k - a ring of wizardry (right tentacle)
 r - a +4 ring of protection (on tentacle)
 s - a ring of poison resistance (on tentacle)
 C - a ring of positive energy (on tentacle)
 D - a ring of ice
 J - a ring of protection from cold (on tentacle)
 K - a ring of ice
 N - an amulet of reflection (around mantle)
Wands
 f - a wand of polymorph (17)
 y - a wand of flame (23)
 B - a wand of charming (14)
 L - a wand of roots (6)
Scrolls
 d - a scroll of enchant weapon
 i - a scroll of immolation
 n - 4 scrolls of teleportation
 p - a scroll of enchant armour
 w - 3 scrolls of amnesia
 O - a scroll of fog
 P - a scroll of silence
 Q - a scroll of magic mapping
Potions
 j - 3 potions of attraction
 l - 4 potions of magic
 q - 6 potions of curing
 t - 4 potions of mutation
 v - a potion of brilliance
 z - 4 potions of lignification
 E - 7 potions of might
 F - 2 potions of cancellation
 G - 2 potions of heal wounds
 H - 2 potions of flight {unknown}
 I - 3 potions of resistance


   Skills:
 + Level 1.7 Fighting
 + Level 0.9 Short Blades
 + Level 0.7 Staves
 + Level 0.3 Throwing
 + Level 3.5 Dodging
 + Level 6.2 Stealth
 + Level 5.5 Shields
 + Level 0.2 Unarmed Combat
 + Level 11.7 Spellcasting
 * Level 8.4 Conjurations
 + Level 3.4 Hexes
 + Level 11.8 Fire Magic
 + Level 6.4 Air Magic
 * Level 8.4 Invocations
 + Level 1.0 Evocations


You had 17 spell levels left.
You knew the following spells:

 Your Spells              Type           Power      Damage    Failure   Level
a - Foxfire               Conj/Fire      100%       2x1d9     1%          1
b - Conjure Flame         Conj/Fire      82%        6-21      1%          3
c - Inner Flame           Hex/Fire       72%        N/A       1%          3
d - Flame Wave            Conj/Fire      82%        2d14      1%          4
e - Scorch                Fire           100%       2d10      1%          2
f - Shock                 Conj/Air       100%       1d9       1%          1
g - Airstrike             Air            25%        0-9+      1%          4

Your spell library contained the following spells:

 Spells                   Type           Power      Damage    Failure   Level
 Apportation              Tloc           30%        N/A       1%          1
 Beastly Appendage        Tmut           30%        N/A       1%          1
 Necrotise                Necr           60%        1d7       1%          1
 Swiftness                Air            50%        N/A       1%          3
 Wereblood                Tmut           15%        N/A       2%          2
 Spider Form              Tmut/Pois      15%        N/A       6%          3
 Vampiric Draining        Necr           15%        2d7       6%          3
 Silence                  Hex/Air        21%        N/A       7%          5
 Anguish                  Hex/Necr       12%        N/A       9%          4
 Passage of Golubria      Tloc           15%        N/A       17%         4
 Agony                    Necr           15%        N/A       43%         5
 Alistair's Intoxication  Tmut/Pois      10%        N/A       43%         5
 Enfeeble                 Hex            17%        N/A       97%         7
 Lehudib's Crystal Spear  Conj/Erth      19%        10d6      100%        8


Dungeon Overview and Level Annotations

Branches:
Dungeon (9/15)             Temple (1/1) D:6            Lair (6/6) D:8
  Swamp (0/4) Lair:2       Spider (0/4) Lair:4        Slime (0/5) Lair:5
 Bailey (visited)
    Orc: D:9-12

Altars:
Dithmenos
Nemelex Xobeh
Sif Muna
Trog
Wu Jian
Yredelemnul
Zin
The Shining One

Shops:
D:2 =   D:3 [

Annotations:
Lair:1 3 runed translucent doors, crabbyslav's ghost, journeyman DsVM
Lair:6 3 runed translucent doors, Mandevil's ghost, journeyman HuHu


Innate Abilities, Weirdness & Mutations

You cannot wear most types of armour.
You are amphibious.
You can wear up to eight rings at the same time.
Your skin changes colour to match your surroundings (Stealth+).
Your rubbery body absorbs attacks. (AC +1, EV +1)
((You are camouflaged when in or above water. (Stealth+)))
You have tentacles for arms and can constrict up to eight enemies at once.
You have a pair of small antennae on your head.
You have supernaturally acute eyesight. (SInv)
Your flesh is heat resistant. (rF+)


Message History

Okay, then.
Aiming: Charm
Press: ? - help, Shift-Dir - straight line, f - seven-headed hydra
Aim: a seven-headed hydra (steam, lightly wounded, chance to affect: 19%)
Okay, then.
Okay, then.
Okay, then.
Okay, then.
Okay, then.
Okay, then.
You feel yourself speed up.
The seven-headed hydra is engulfed in a cloud of scalding steam.
You block the seven-headed hydra's attack.
The seven-headed hydra bites you! The seven-headed hydra bites you.
The seven-headed hydra bites you but does no damage.
You block the seven-headed hydra's attack.
The seven-headed hydra bites you.
The seven-headed hydra closely misses you.
The elephant is engulfed in a cloud of scalding steam.
The elephant tramples you!
You stumble backwards!
Floosh!
A boulder beetle comes into view.
The boulder beetle curls into a ball and begins rolling!
The yak bellows!
You hear an angry hiss.
The seven-headed hydra is engulfed in a cloud of scalding steam.
A death yak comes into view.
The elephant is engulfed in a cloud of scalding steam.
The death yak moves out of view.
Okay, then.
A black mamba comes into view.
Okay, then.
Casting: Flame Wave (safe; 1% risk of failure)
Confirm with . or Enter, or press ? or * to list all spells.
Okay, then.
Unknown command.
Unknown command.
Unknown command.
You feel much better. The boulder beetle hits you!!!
Ouch! That really hurt!
You die...

≈≈Y≈≈§§†≈≈§≈≈≈.≈≈≈≈≈≈≈≈≈≈≈.......
#≈.##≈§##≈≈≈≈≈≈##≈≈##≈P≈#........
≈#≈≈≈#≈≈≈##≈≈≈≈≈≈≈#≈≈##....#...
..≈≈≈.≈≈..≈≈.≈.....≈≈.≈≈≈.####P.
........≈..........###≈.###.# ###
.............Y......##### ###
...........°°°{°D..##
.......#########B..#
......#...WY..#@..##
.....Y#...k?..#....##
.....+.....).#...#.#
..+..l..?.#....##
..+.....).#..(##
....#.....$.#....#
....#.......#...##
....#########...#
...............##


You could see a boulder beetle (rolling) and a seven-headed hydra.

Vanquished Creatures
  8 hydras
  A catoblepas (Lair:6)
  A merfolk avatar (Lair:6)
  A death yak (Lair:3)
  A fire crab (Lair:6)
  3 sea snakes (Lair:6)
  An orc knight (Bailey)
  A deep elf pyromancer (Bailey)
  A manticore (Lair:6)
  4 elephants (Lair:6)
  2 black mambas
  Joseph (Lair:1)
  11 cane toads
  A torpor snail (Lair:4)
  Maggie (D:8)
  A rime drake (Lair:2)
  10 komodo dragons
  4 polar bears
  A wind drake (Lair:6)
  A snapping turtle (Lair:6)
  5 blink frogs
  A wyvern (Lair:1)
  4 basilisks
  32 yaks
  A steam dragon (Lair:6)
  Edmund (D:4)
  7 water moccasins
  3 ice beasts
  A black bear (D:6)
  8 orc warriors
  An ogre (D:6)
  A centaur (D:6)
  14 wolves
  A phantom (D:5)
  A kobold brigand (D:7)
  12 bullfrogs
  A necrophage (D:6)
  2 gnoll sergeants
  10 scorpions
  5 wights (D:7)
  3 howler monkeys
  5 hounds
  8 jellies
  3 orc priests
  4 iguanas
  4 orc wizards
  14 gnolls
  10 adders
  A shadow imp (D:6)
  A worm (D:3)
  2 dart slugs
  32 orcs
  10 endoplasms
  7 giant cockroaches
  5 goblins
  8 hobgoblins
  11 jackals
  3 quokkas
  7 ball pythons
  6 bats
  A frilled lizard (D:2)
  2 kobolds (D:1)
  5 rats
  A bush (Lair:6)
319 creatures vanquished.

Vanquished Creatures (collateral kills)
  A water moccasin (Lair:6)
  2 orcs (Bailey)
  14 foxfires
17 creatures vanquished.

Vanquished Creatures (others)
  A cane toad (Lair:6)
  An orc warrior (Bailey)
  1044 foxfires
  17 fungi
  45 plants
1108 creatures vanquished.

Grand Total: 1444 creatures vanquished

Notes
Turn   | Place    | Note
-------+----------+-------------------------------------------
     0 | D:1      | Conn the Octopode Fire Elementalist began the quest for the
                  | Orb.
     0 | D:1      | Reached XP level 1. HP: 11/11 MP: 3/3
    51 | D:1      | Reached XP level 2. HP: 17/17 MP: 0/5
   301 | D:1      | Reached XP level 3. HP: 21/21 MP: 2/6
   624 | D:1      | Found a faded altar of an unknown god.
   844 | D:1      | Learned a level 2 spell: Scorch
   848 | D:1      | Learned a level 3 spell: Conjure Flame
  1175 | D:2      | Reached XP level 4. HP: 27/27 MP: 3/8
  1307 | D:2      | Found Haoduj's Jewellery Shop.
  1967 | D:3      | Reached XP level 5. HP: 31/31 MP: 1/9
  2131 | D:3      | Learned a level 3 spell: Inner Flame
  2136 | D:3      | Learned a level 1 spell: Shock
  2329 | D:3      | Found Uxku's Antique Armour Shop.
  2452 | D:3      | Found an ornate altar of the Wu Jian Council.
  2838 | D:4      | Reached XP level 6. HP: 36/36 MP: 9/11
  3159 | D:4      | Noticed Edmund
  3225 | D:4      | Killed Edmund
  3226 | D:4      | Reached skill level 5 in Fire Magic
  3722 | D:5      | Entered Level 5 of the Dungeon
  3722 | D:5      | Noticed an ice beast
  3879 | D:5      | Reached XP level 7. HP: 31/41 MP: 8/13
  4210 | D:5      | Reached skill level 5 in Stealth
  4342 | D:5      | Found a basalt altar of Yredelemnul.
  4352 | D:5      | Found a sparkling altar of Nemelex Xobeh.
  4658 | D:5      | Reached skill level 5 in Spellcasting
  4658 | D:5      | Reached XP level 8. HP: 40/46 MP: 11/15
  4716 | D:5      | Found a bloodstained altar of Trog.
  5285 | D:6      | Reached skill level 1 in Fighting
  5639 | D:6      | Found a staircase to the Ecumenical Temple.
  5661 | D:6      | Reached XP level 9. HP: 38/53 MP: 4/18
  5810 | Temple   | Entered the Ecumenical Temple
  5814 | Temple   | Became a worshipper of Sif Muna the Loreminder
  5922 | D:6      | Learned a level 4 spell: Flame Wave
  5927 | D:6      | Learned a level 4 spell: Airstrike
  6159 | D:7      | Reached skill level 1 in Invocations
  6318 | D:7      | Found a flagged portal.
  6331 | Bailey   | Entered a bailey
  6481 | Bailey   | Reached skill level 1 in Shields
  6506 | Bailey   | Found a large runed translucent door.
  6506 | Bailey   | Found a large runed translucent door.
  6507 | Bailey   | Noticed a deep elf pyromancer
  6548 | Bailey   | Reached skill level 1 in Air Magic
  6554 | Bailey   | Noticed an orc knight
  6626 | Bailey   | Killed an orc knight
  7034 | Bailey   | Killed a deep elf pyromancer
  7035 | Bailey   | Reached skill level 1 in Hexes
  7035 | Bailey   | Reached XP level 10. HP: 58/58 MP: 7/21
  7366 | D:7      | Reached * piety under Sif Muna
  7980 | D:7      | Identified the +7 dagger of Wouredd {flame, rF++}
  8526 | D:2      | Bought a +4 ring of protection for 360 gold pieces
  8657 | D:8      | Found a glowing silver altar of Zin.
  8976 | D:8      | Reached skill level 5 in Conjurations
  9019 | D:8      | Found a staircase to the Lair.
  9110 | D:8      | Found a shadowy altar of Dithmenos.
  9112 | D:8      | Noticed Maggie
  9117 | D:8      | Killed Maggie
  9421 | Lair:1   | Entered Level 1 of the Lair of Beasts
  9430 | Lair:1   | Noticed Joseph
  9436 | Lair:1   | Killed Joseph
  9473 | Lair:1   | Reached XP level 11. HP: 54/63 MP: 6/23
  9630 | Lair:1   | Reached ** piety under Sif Muna
 10207 | Lair:1   | Reached skill level 5 in Shields
 10207 | Lair:1   | Reached skill level 5 in Invocations
 10457 | Lair:1   | Reached skill level 5 in Air Magic
 11159 | Lair:1   | Found a runed translucent gate.
 11160 | Lair:1   | Found a runed translucent gate.
 11235 | Lair:1   | Found a runed translucent gate.
 11238 | Lair:1   | Noticed crabbyslav's ghost (journeyman DsVM)
 11238 | Lair:1   | Noticed a spectral death yak
 11480 | Lair:2   | Identified the +3 hand axe of Vusam {vorpal, rElec rF++
                  | rC-}
 11514 | Lair:2   | Found a staircase to the Swamp.
 12671 | Lair:3   | Noticed a seven-headed hydra
 13199 | Lair:4   | Reached skill level 10 in Fire Magic
 13239 | Lair:4   | Reached XP level 12. HP: 69/69 MP: 14/25
 13470 | Lair:4   | Reached *** piety under Sif Muna
 13471 | Lair:4   | Reached skill level 10 in Spellcasting
 13585 | Lair:4   | Found a hole to the Spider Nest.
 13875 | Lair:4   | Gained mutation: You have supernaturally acute eyesight.
                  | (SInv) [potion of mutation]
 13875 | Lair:4   | Gained mutation: You sometimes lose your temper in combat.
                  | [potion of mutation]
 13875 | Lair:4   | Gained mutation: Your spells are a little harder to cast,
                  | but a little more powerful. [potion of mutation]
 13876 | Lair:4   | Lost mutation: Your spells are a little harder to cast, but
                  | a little more powerful. [potion of mutation]
 13876 | Lair:4   | Lost mutation: You sometimes lose your temper in combat.
                  | [potion of mutation]
 13876 | Lair:4   | Gained mutation: Your flesh is heat resistant. (rF+)
                  | [potion of mutation]
 13876 | Lair:4   | Gained mutation: You have a pair of small antennae on your
                  | head. [potion of mutation]
 14452 | Lair:3   | Killed a seven-headed hydra
 14674 | Lair:3   | Noticed a death yak
 14688 | Lair:3   | Killed a death yak
 15046 | Lair:3   | You fall into a shaft and drop 2 floors!
 15069 | Lair:5   | Reached skill level 1 in Evocations
 15071 | Lair:5   | Noticed a four-headed hydra
 15235 | Lair:5   | Killed a four-headed hydra
 15393 | Lair:5   | Found a glowing golden altar of the Shining One.
 16058 | Lair:5   | Found a runed translucent door.
 16090 | Lair:5   | Found a staircase to the Slime Pits.
 16366 | Lair:6   | Entered Level 6 of the Lair of Beasts
 16371 | Lair:6   | Noticed a seven-headed hydra
 16373 | Lair:6   | Noticed a catoblepas
 16495 | Lair:6   | Noticed an eight-headed hydra
 16502 | Lair:6   | Killed an eight-headed hydra
 16708 | Lair:6   | Noticed a five-headed hydra
 16719 | Lair:6   | Killed a five-headed hydra
 16743 | Lair:6   | Reached XP level 13. HP: 56/73 MP: 17/27
 16777 | Lair:6   | Reached **** piety under Sif Muna
 17564 | Lair:6   | Noticed Mandevil's ghost (journeyman HuHu)
 17574 | Lair:6   | Found a runed translucent gate.
 17574 | Lair:6   | Found a runed translucent gate.
 17574 | Lair:6   | Found a runed translucent gate.
 17978 | Lair:6   | Found the +8 trident of the Octopus King {venom, rElec
                  | rPois}
 18041 | Lair:6   | Slain by a boulder beetle

Illustrated notes

Levels and vault maps discovered:
D:1:      onia_arrival_pyramid, layout_rooms,
          hellmonk_ecumenical_altar_crossroads
D:2:      layout_basic, serial_shops, shop
D:3:      layout_basic, mainiacjoe_overflow_tiny_flanked, serial_shops,
          shop_statue
D:4:      layout_loops_ring, serial_bayou_crossing, uniq_edmund
D:5:      layout_basic, mainiacjoe_overflow_alcove_2, mainiacjoe_overflow_swirl
D:6:      layout_rooms, minmay_temple_entry_crystal_x
D:7:      layout_loops_cross, enter_bailey_5, kennysheep_generic_room_5
D:8:      layout_basic, old_standard_altar, nicolae_dithmenos_shadow_blocks,
          grunt_lair_entry_orc_guard_hut, uniq_maggie
D:9:      layout_big_octagon, nicolae_xom_altar_mimics, serial_shops,
          nicolae_shop_bloodbath_and_beyond
Temple:   nicolae_temple_bog_church
Lair:1:   layout_gridlike, gammafunk_ghost_necromancy,
          chequers_serial_rivers_room_b, nicolae_lair_grove_arrangements,
          nicolae_quartered_pool_impasse, minivault_26, uniq_joseph
Lair:2:   layout_chaotic_city, swamp_mist_pool, serial_bayou_shore_b,
          grunt_megastairs_2, lemuel_fruit_fields, infiniplex_staircase_pool_2
Lair:3:   layout_regular_city, chequers_serial_rivers_small_b,
          fungi_pond_lemuel, beast_lair_carwin_9
Lair:4:   layout_long_grid, nicolae_spider_entry_non_spiders, serial_forest,
          infiniplex_forest_clump_small, infiniplex_forest_clump_cross,
          infiniplex_forest_clump_medium, infiniplex_forest_straight_4,
          infiniplex_forest_straight_5, infiniplex_forest_straight_4,
          infiniplex_forest_end_3, infiniplex_forest_side_room
Lair:5:   layout_cave_pods, slime_entry_2, basic_altar
Lair:6:   gammafunk_lair_ancient_temple, layout_hall_layers,
          gammafunk_ghost_split, grunt_megastairs_4

Skill      XL: |  1  2  3  4  5  6  7  8  9 10 11 12 13 |
---------------+----------------------------------------+-----
Stealth        | 3 4 5 6 |  6.2
Fire Magic     | 4 5 6 7 8 10 11 | 11.8
Spellcasting   | 3 4 5 6 7 8 9 10 11 | 11.7
Conjurations   | 2 3 4 5 6 7 8 |  8.4
Fighting       | 1 |  1.7
Invocations    | 3 4 5 7 8 |  8.4
Shields        | 2 4 5 |  5.5
Air Magic      | 2 3 5 6 |  6.4
Hexes          | 1 2 3 |  3.4
Dodging        | 3 |  3.5
Evocations     | 1 |  1.0
Short Blades   | |  0.9
Staves         | |  0.7
Throwing       | |  0.3
Unarmed Combat | |  0.2

Action                   |  1- 3 |  4- 6 |  7- 9 | 10-12 | 13-15 || total
-------------------------+-------+-------+-------+-------+-------++-------
Melee: Unarmed           |    14 |       |       |       |       ||    14
       Constrict         |     9 |     7 |     5 |     6 |       ||    27
       Tentacles         |     6 |     2 |     6 |    10 |       ||    24
       Staff             |     6 |     8 |       |    21 |     1 ||    36
       Punch             |     1 |     2 |       |       |       ||     3
       Dagger            |       |     6 |    16 |     2 |       ||    24
Throw: Javelin           |       |       |     3 |       |       ||     3
 Cast: Foxfire           |    56 |    97 |   138 |   273 |    43 ||   607
       Scorch            |       |    12 |    34 |   123 |    38 ||   207
       Conjure Flame     |       |     1 |     5 |    13 |     1 ||    20
       Inner Flame       |       |       |    12 |    39 |    17 ||    68
       Shock             |       |       |     1 |       |       ||     1
       Flame Wave        |       |       |       |    18 |     6 ||    24
       Airstrike         |       |       |       |       |     7 ||     7
Invok: Channel Magic     |       |       |       |     2 |     1 ||     3
Evoke: Wand              |       |       |     4 |     5 |     2 ||    11
  Use: Scroll            |       |    11 |     4 |     8 |     2 ||    25
       Potion            |       |       |     3 |     8 |     4 ||    15
 Stab: Sleeping          |       |     4 |     3 |     3 |       ||    10
Armor: Skin              |     2 |     2 |     2 |     8 |     6 ||    20
Dodge: Dodged            |    26 |    14 |    15 |    29 |    14 ||    98
Block: Buckler           |       |       |     4 |    22 |    19 ||    45

Table legend: (Time is in decaauts)
 A = Elapsed time spent in this place.
 B = Non-inter-level travel time spent in this place.
 C = Inter-level travel time spent in this place.
 D = Time resting spent in this place.
 E = Time spent auto-exploring this place.
 F = Levels seen in this place.
 G = Mean time per level.
                   A        B        C        D        E       F      G
               +--------+--------+--------+--------+--------+-----+--------+
         Total |  18034 |  17481 |    553 |    915 |  12325 |  17 | 1060.8 |
       Dungeon |   8456 |   7982 |    474 |     28 |   5887 |   9 |  939.6 |
        Temple |      8 |      8 |      0 |      0 |      0 |   1 |    8.0 |
          Lair |   8606 |   8527 |     79 |    741 |   5997 |   6 | 1434.3 |
        Bailey |    963 |    963 |      0 |    146 |    441 |   1 |  963.0 |
               +--------+--------+--------+--------+--------+-----+--------+

Top non-repeatable levels by time:
  Lair:1: 1932 daAuts
  Lair:3: 1548 daAuts
  Lair:5: 1545 daAuts
     D:7: 1403 daAuts
  Lair:6: 1351 daAuts
  Lair:4: 1286 daAuts
     D:5: 1198 daAuts
     D:3: 1149 daAuts
     D:4: 1118 daAuts
     D:6: 1043 daAuts
  Bailey: 963 daAuts
  Lair:2: 941 daAuts
     D:1: 899 daAuts
     D:8: 868 daAuts
     D:2: 759 daAuts
